 Dungeon Crawl Stone Soup version 0.18.1-48-g4cf74bf (console) character file.

88 utis the Cudgeler (level 4, -2/35 HPs)
             Began as a Formicid Abyssal Knight on Sept 1, 2016.
             Was a Believer of Lugonu.
             Slain by Natasha (9 damage)
             ... on level 2 of the Dungeon.
             The game lasted 00:09:40 (2508 turns).

utis the Cudgeler (Formicid Abyssal Knight)         Turns: 2508, Time: 00:09:40

Health: -2/35      AC:  3    Str: 17    XL:     4   Next: 81%
Magic:  5/5        EV: 11    Int: 11    God:    Lugonu [**....]
Gold:   83         SH:  0    Dex: 11    Spells: 0 memorised, 3 levels left

rFire  . . .     SeeInvis +     a - +1 mace
rCold  . . .     Gourm    .     h - +0 leather armour
rNeg   . . .     Faith    .     (no shield)
rPois  .         Spirit   .     (helmet unavailable)
rElec  .         Dismiss  .     (no cloak)
rCorr  .         Reflect  .     (no gloves)
SustAt .         Harm     .     (no boots)
MR     .....                    (no amulet)
Stlth  +.........               (no ring)
                                (no ring)

@: not resistant to hostile enchantments, very unstealthy
A: permanent stasis, dig shafts and tunnels, four strong arms, antennae 3
a: Dig, Shaft Self, Depart the Abyss, Bend Space, Renounce Religion


You were on level 2 of the Dungeon.
You worshipped Lugonu.
Lugonu was pleased with you.
You were not hungry.

You visited 1 branch of the dungeon, and saw 3 of its levels.
You visited the Abyss 1 time.

You collected 83 gold pieces.

Inventory:

Hand Weapons
 a - a +1 mace (weapon)
 b - a +0 hunting sling
 k - a +0 quarterstaff
 l - a +1 spear of freezing
Missiles
 d - 86 stones (quivered)
 e - 28 sling bullets
 n - 30 poisoned needles
 s - 39 arrows
Armour
 h - a +0 leather armour (worn)
Scrolls
 g - 2 scrolls of remove curse {unknown}
 i - a scroll of magic mapping
 j - a scroll of noise {unknown}
 o - a scroll of teleportation {unknown}
Potions
 q - 2 potions of curing {@q1}
 r - a potion of heal wounds {unknown}
Comestibles
 c - 2 bread rations {@e1}
 f - 3 chunks of flesh


   Skills:
 - Level 3.2 Fighting
 + Level 4.6 Maces & Flails
 - Level 2.1 Armour
 - Level 0.8 Dodging
 - Level 2.1 Invocations


You had 3 spell levels left.
You didn't know any spells.

Dungeon Overview and Level Annotations

Branches:
Dungeon (3/15)

Altars:
Fedhas
Qazlal
Yredelemnul

Annotations:
D:2 Natasha


Innate Abilities, Weirdness & Mutations

You are under a permanent stasis effect.
You can dig through walls and to a lower floor.
Your four strong arms can wield two-handed weapons with a shield.
You have a pair of large antennae on your head (SInv).


Message History

Natasha claws you! The white imp barely misses you.
You hit Natasha.
Natasha is heavily wounded.
Natasha claws you.
* * * LOW HITPOINT WARNING * * *
The white imp hits you.
* * * LOW HITPOINT WARNING * * *
The white imp freezes you.
* * * LOW HITPOINT WARNING * * *
Natasha casts a spell at you. The magic dart hits you!
* * * LOW HITPOINT WARNING * * *
Unknown command.
Drink which item? (? for menu, Esc to quit)
You feel better. The white imp hits you.
* * * LOW HITPOINT WARNING * * *
The white imp freezes you.
* * * LOW HITPOINT WARNING * * *
Natasha claws you!
You die...

░░░ ░░░░░░ ..░ ░.....
..░░░░░░░░░░░░░░░░░░░░░░░░░░.░░░░
..+.........................>..░
..░░░░...░░░░░░░░░░░░░░░░░.░░░░░░
..░ ░...░ ░...░ ░.░ ░...
..░░░░...░░░░░░░a░.░ ░.░ ░.░░
.....▩...'.....h5░.░ ░.░ ░.░.
░░░░░....░.░░░.<...░ ░.░ ░.░. ░
░....░.░░░░.░░░░ ░.░ ░.░. ░
░....░......░ ░.░ ░... ░
░....░░░░░..░ ░.░ ░░░░ ░ ░....░
░....░ ░.░ ░ ░....░░░.░░.░░
░.░░░░░░ ░ ░.░░░....░░..░
░.......


You could see Natasha and a white imp.

Vanquished Creatures
  Natasha (D:2)
  A gnoll (D:1)
  2 adders (D:2)
  A giant gecko (D:2)
  3 giant cockroaches
  3 goblins
  6 hobgoblins
  3 kobolds
  A ball python (D:1)
  9 bats
  A giant newt (D:3)
  4 rats
35 creatures vanquished.

Notes
Turn   | Place    | Note
--------------------------------------------------------------
     0 | Abyss:1  | utis the Formicid Abyssal Knight began the quest for the Orb.
     0 | Abyss:1  | Reached XP level 1. HP: 18/18 MP: 2/2
    13 | D:1      | Escaped the Abyss
   483 | D:1      | Reached XP level 2. HP: 24/24 MP: 3/3
   903 | D:1      | crap
   905 | D:1      | You fall through a shaft!
   963 | D:2      | Found a stormy altar of Qazlal.
   970 | D:2      | Reached skill level 3 in Maces & Flails
  1027 | D:2      | Found a blossoming altar of Fedhas.
  1036 | D:2      | Reached XP level 3. HP: 25/29 MP: 4/4
  1103 | D:2      | Found a basalt altar of Yredelemnul.
  1598 | D:1      | Reached ** piety under Lugonu
  1716 | D:1      | Reached skill level 4 in Maces & Flails
  1716 | D:1      | Reached XP level 4. HP: 33/35 MP: 5/5
  2220 | D:2      | Noticed Natasha
  2240 | D:2      | Killed Natasha
  2490 | D:2      | Noticed Natasha
  2508 | D:2      | Slain by Natasha

Skill      XL: |  1  2  3 |
---------------+----------+-----
Maces & Flails | 3 4 |  4.6
Fighting       | |  3.2
Armour         | |  2.1
Dodging        | |  0.8
Invocations    | |  2.1

Action                   |  1- 3 |  4- 6 || total
-------------------------+-------+-------++-------
Melee: Mace              |    96 |    42 ||   138
 Fire: Hunting sling     |       |     9 ||     9
Throw: Stone             |     5 |    13 ||    18
 Abil: Dig               |     1 |       ||     1
       Shaft Self        |     1 |       ||     1
  Use: Scroll            |       |     3 ||     3
       Potion            |       |     1 ||     1
  Eat: Chunk             |     3 |     3 ||     6
Armor: Leather armour    |    39 |     7 ||    46
Dodge: Dodged            |    56 |    28 ||    84
